AoeStats
← aime_la

Arena

509449221Analyzed
2v2 RM · 5d ago on Sep 26, 2026· 48m 45s· 4 players
Game mode
Random Map
Map size
Medium (4 player)
Population
200
Speed
Normal
Resources
Standard
Victory
Conquest
Starting age
Dark Age
Ending age
Imperial Age
RankedLock teamsTeams togetherTeam positionsShared explorationLock speedFull tech treeHidden civsTurbo modeCheats
Victory
Defeat
🇩🇪 Burmese · Germany
830
+15
🇷🇺 Bulgarians · Russia
824
+15
🇺🇸 Bohemians · United States
815
-15
🇲🇽 Danes · Mexico
808
-15
El Viejo Verde
10:48 Feudal Age
19:20 Castle Age
17:46 Loom
20:34 Husbandry
20:47 Forging
20:42 Scale Barding Armor
21:38 Double-Bit Axe
23:16 Wheelbarrow
25:24 Horse Collar
27:20 Bow Saw
28:27 Hand Cart
28:14 Heavy Plow
34:11 Imperial Age
Steelm47
8:22 Loom
10:48 Feudal Age
11:20 Double-Bit Axe
14:45 Horse Collar
19:49 Castle Age
18:48 Stone Mining
21:07 Bow Saw
23:19 Gold Mining
32:29 Gambesons
32:45 Squires
33:48 Hamask
35:28 Scale Mail Armor
35:19 Fletching
36:21 Thumb Ring
37:01 Gold Shaft Mining
36:37 Elite Skirmisher
Solomo
3:33 Loom
10:35 Feudal Age
14:26 Castle Age
13:09 Stone Mining
23:48 Padded Archer Armor
25:57 Bloodlines
30:22 Wheelbarrow
40:26 Husbandry
41:53 Hand Cart
41:25 Town Watch
46:13 Imperial Age
46:08 Horse Collar
46:36 Scale Barding Armor
46:31 Scale Mail Armor
46:42 Forging
46:22 Fletching
46:39 Gold Mining
aime_la
3:00 Loom
11:17 Feudal Age
11:43 Double-Bit Axe
15:49 Wheelbarrow
18:46 Castle Age
17:27 Horse Collar
17:41 Stone Mining
20:16 Heavy Plow
25:53 Town Watch
26:44 Wheelbarrow
26:06 Fletching
30:11 Squires
31:05 Hand Cart
31:48 Fervor
33:32 Stone Shaft Mining
34:44 Bow Saw
35:10 Stirrups
35:52 Arson
37:41 Gambesons
38:19 Forging
38:09 Scale Mail Armor
42:19 Iron Casting
41:59 Chain Mail Armor
43:26 Redemption
45:27 Town Patrol
46:08 Bodkin Arrow
Connection lost

Rejoining the realm…

Still unreachable

The connection could not be restored.

Session expired

The server has moved on; the page needs a fresh start.